 Dungeon Crawl Stone Soup version 0.21.1-1-g345015fe64 (webtiles) character file.

49 Dommiel19 the Cudgeler (level 3, 0/22 HPs)
             Began as a Gargoyle Gladiator on Feb 10, 2018.
             Slain by an ogre
             ... wielding a +0 giant club
              (6 damage)
             ... on level 2 of the Dungeon.
             The game lasted 00:01:28 (1192 turns).

Dommiel19 the Cudgeler (Gargoyle Gladiator)         Turns: 1192, Time: 00:01:28

Health: 0/22       AC: 13    Str: 18    XL:     3   Next: 77%
Magic:  3/3        EV: 12    Int:  8    God:
Gold:   85         SH:  0    Dex: 11    Spells: 2/2 levels left

rFire    . . .     SeeInvis .   a - +0 flail
rCold    . . .     Gourm    .   (no shield)
rNeg     + . .     Faith    .   b - +0 leather armour
rPois    ∞         Spirit   .   c - +0 helmet
rElec    +         Reflect  .   (no cloak)
rCorr    .         Harm     .   n - +2 pair of gloves
MR       .....                  i - +2 pair of boots
Stlth    +.........             (no amulet)
HPRegen  0.07/turn              (no ring)
MPRegen  0.08/turn              (no ring)

@: no status effects
A: negative energy resistance 1, electricity resistance, unbreathing,
petrification resistance, rot immunity, AC +3
a: no special abilities


You were on level 2 of the Dungeon.
You were hungry.

You visited 1 branch of the dungeon, and saw 2 of its levels.

You collected 85 gold pieces.

Inventory:

Hand Weapons
 a - a +0 flail (weapon)
Missiles
 d - 3 throwing nets (quivered)
Armour
 b - a +0 leather armour (worn)
 c - a +0 helmet (worn)
 i - a +2 pair of boots (worn)
 m - a +0 pair of gloves
 n - a +2 pair of gloves (worn)
Scrolls
 e - a scroll of fear {unknown}
 j - a scroll of noise {unknown}
 k - a scroll of magic mapping {unknown}
Potions
 g - a potion of agility {unknown}
 h - a potion of mutation {unknown}
 l - a potion of flight {unknown}
Comestibles
 f - 6 rations


   Skills:
 + Level 2.7 Fighting
 * Level 3.7 Maces & Flails
 - Level 1.7 Throwing
 * Level 2.1 Armour
 - Level 2.4 Dodging


You had 2 spell levels left.
You didn't know any spells.

Dungeon Overview and Level Annotations

Branches:
Dungeon (2/15)

Altars:


Innate Abilities, Weirdness & Mutations

You are resistant to torment.
Your stone body is resilient. (AC +3)
You are immune to poison.
You resist negative energy. (rN+)
You are resistant to electric shocks. (rElec)
You can survive without breathing.
You are immune to petrification.
You are immune to rotting.


Message History

An ogre is nearby!
An ogre is nearby!
An ogre is nearby!
The ogre hits you but does no damage.
You completely miss the ogre. The ogre hits you with a giant club.
You hit the ogre.
The ogre is lightly wounded.
The ogre misses you.
You barely miss the ogre.
The ogre is lightly wounded.
The ogre hits you but does no damage.
You barely miss the ogre.
The ogre is lightly wounded.
The ogre hits you with a giant club!
Ouch! That really hurt!
* * * LOW HITPOINT WARNING * * *
You hit the ogre but do no damage.
The ogre is lightly wounded.
The ogre hits you with a giant club.
You die...

... ### #.##### ... ..# #
#...... #..##.##.# #..#...
#..#...#.# #..#>## .......
#..#.## #...# #...... #.#
#...... ##+## #O# ##.....
##...## #@# #..... ##.....##
#.## #..... ##.......## #[.##
#.....
#.........####...#########.....
+.........'....................
#.........####...#########.P♣♣♣
##.......#.........# ##..P..♣
##.....##.###.###.# ##.##....
##.♣♣♣♣♣.# #.###.# ##.#####..


You could see an ogre.

Vanquished Creatures
  2 adders (D:2)
  An ooze (D:1)
  A leopard gecko (D:1)
  2 hobgoblins (D:1)
  8 jackals (D:1)
  4 bats (D:1)
  2 frilled lizards
  3 kobolds
  2 rats (D:1)
25 creatures vanquished.

Notes
Turn   | Place    | Note
-------+----------+-------------------------------------------
     0 | D:1      | Dommiel19 the Gargoyle Gladiator began the quest for the Orb.
     0 | D:1      | Reached XP level 1. HP: 12/12 MP: 1/1
    68 | D:1      | Reached XP level 2. HP: 17/18 MP: 2/2
    69 | D:1      | Reached skill level 1 in Armour
   523 | D:1      | Reached XP level 3. HP: 20/22 MP: 3/3
  1184 | D:2      | Noticed an ogre
  1192 | D:2      | Slain by an ogre

Skill      XL: |  1  2  3 |
---------------+----------+-----
Armour         | 1 2 |  2.1
Fighting       | |  2.7
Maces & Flails | |  3.7
Throwing       | |  1.7
Dodging        | |  2.4

Action                   || total
-------------------------++-------
Melee: Flail             ||    66
Armor: Leather armour    ||    32
Dodge: Dodged            ||    47
